 Dungeon Crawl Stone Soup version 0.31.0-32-g396128a36d (webtiles) character file.

Game seed: 224981097073280303

4 ghwc the Cutter (level 1, 0/14 HPs)
             Began as a Kobold Cinder Acolyte on Apr 12, 2024.
             Was a High Priest of Ignis.
             Slain by a ribbon worm (8 damage)
             ... on level 1 of the Dungeon.
             The game lasted 00:00:16 (106 turns).

ghwc the Cutter (Kobold Cinder Acolyte)              Turns: 106, Time: 00:00:16

Health: 0/14       AC:  2    Str: 11    XL:     1   Next: 77%
Magic:  2/2        EV: 13    Int: 15    God:    Ignis [*****.]
Gold:   6          SH:  0    Dex: 10    Spells: 2/2 levels left

rFire   + . .        a - -1 short sword (flame)
rCold   . . .        (no shield)
rNeg    . . .        b - +0 robe
rPois   .            (no helmet)
rElec   .            (no cloak)
rCorr   .            (no gloves)
SInv    .            (no boots)
Will    .....        (no amulet)
Stlth   ++           (no ring)
HPRegen 0.22/turn    (no ring)
MPRegen 0.08/turn

%: no passive effects
@: no status effects
A: small, no large weapons, nightstalker 3
a: Renounce Religion, Fiery Armour, Foxfire Swarm, Rising Flame


You were on level 1 of the Dungeon.
You worshipped Ignis.
Ignis was extremely pleased with you.
You visited 1 branch of the dungeon, and saw 1 of its levels.

You collected 6 gold pieces.

Inventory:

Hand Weapons
 a - a -1 short sword of flaming (weapon)
Armour
 b - a +0 robe (worn)
Scrolls
 c - a scroll of fog {unknown}


   Skills:
 - Level 3.2 Fighting
 * Level 4.3 Short Blades
 + Level 0.8 Stealth
 - Level 1.1 Spellcasting
 - Level 3.0 Fire Magic


You had 2 spell levels left.
You didn't know any spells.
Your spell library contained the following spells:

 Spells                   Type           Power      Damage    Failure   Level
 Scorch                   Fire           18%        2d5       11%         2


Dungeon Overview and Level Annotations

Branches:
Dungeon (1/15)

Altars:


Innate Abilities, Weirdness & Mutations

You are small and have problems with some larger weapons.
You are completely attuned to the shadows.


Message History

A bat is nearby!
A bat is nearby!
You see here 12 gold pieces.
A ribbon worm comes into view.
Found 4 javelins and a dagger.
The helpless bat fails to defend itself.
You puncture the bat! You burn the bat.
You kill the bat!
You see here a bat corpse.
The ribbon worm bites you but does no damage.
You hit the ribbon worm. You burn the ribbon worm.
The ribbon worm is moderately wounded.
You hit the ribbon worm. You burn the ribbon worm.
The ribbon worm is moderately wounded.
The ribbon worm expels a string of sticky webbing.
The stream of webbing misses you.
You barely miss the ribbon worm.
The ribbon worm is moderately wounded.
The ribbon worm bites you.
You barely miss the ribbon worm.
The ribbon worm is moderately wounded.
You hit the ribbon worm but do no damage.
The ribbon worm is moderately wounded.
The ribbon worm bites you.
You hit the ribbon worm. You burn the ribbon worm.
The ribbon worm is moderately wounded.
The ribbon worm expels a string of sticky webbing.
The stream of webbing misses you.
You hit the ribbon worm. You burn the ribbon worm.
The ribbon worm is heavily wounded.
You hit the ribbon worm but do no damage.
The ribbon worm is heavily wounded.
The ribbon worm bites you.
You hit the ribbon worm but do no damage.
The ribbon worm is heavily wounded.
You hit the ribbon worm. You burn the ribbon worm.
The ribbon worm is heavily wounded.
The ribbon worm bites you!
Ouch! That really hurt!
You die...

#.##.#
#.##.#
###..###
#.....##
#^...$.!##
..>......#
.......^.##
...^..†...#
....^@..##
...^..w.#
.)..(..##
....^##
#...##


You could see a ribbon worm (catching breath).

Vanquished Creatures
  A bat (D:1)
  A goblin (D:1)
  A kobold (D:1)
  2 rats (D:1)
5 creatures vanquished.

Notes
Turn   | Place    | Note
-------+----------+-------------------------------------------
     0 | D:1      | ghwc the Kobold Cinder Acolyte began the quest for the Orb.
     0 | D:1      | Reached XP level 1. HP: 14/14 MP: 2/2
   106 | D:1      | Slain by a ribbon worm

Illustrated notes

Levels and vault maps discovered:
D:1:      sevenhm_arrival_forest_fort_small_3, layout_loops_cross, st_stairs_3,
          dk_noncrumbling_2, nicolae_wormholes

Action                     || total
---------------------------++-------
  Melee: Short sword       ||    19
   Stab: Sleeping          ||     2
 Armour: Robe              ||     5
  Dodge: Dodged            ||     6
